 Dungeon Crawl Stone Soup version 0.24-a0-277-g67e6301 (webtiles) character file.

Game seed: 4893640824393990718

466 stupendous the Shield-Bearer (level 7, -2/54 HPs)
             Began as a Formicid Fighter on Apr 28, 2019.
             Killed from afar by Dowan (14 damage)
             ... with a shard of ice
             ... on level 4 of the Dungeon.
             The game lasted 00:04:19 (3177 turns).

stupendous the Shield-Bearer (Formicid Fighter)     Turns: 3177, Time: 00:04:23

Health: -2/54      AC:  8    Str: 21    XL:     7   Next: 30%
Magic:  7/7        EV:  8    Int:  7    God:
Gold:   188        SH: 10    Dex: 12    Spells: 6/6 levels left

rFire    . . .     SeeInvis +   a - +0 long sword
rCold    + . .     Gourm    .   c - +0 shield
rNeg     . . .     Faith    .   r - +1 scale mail {rC+}
rPois    .         Spirit   .   (helmet unavailable)
rElec    .         Reflect  .   (no cloak)
rCorr    .         Harm     .   (no gloves)
MR       .....                  (no boots)
Stlth    ..........             e - amulet of the acrobat
HPRegen  0.18/turn              (no ring)
MPRegen  0.10/turn              (no ring)

@: lethally poisoned (-2 -> -26)
A: permanent stasis, dig shafts and tunnels, four strong arms, antennae 3
a: Dig, Shaft Self


You were on level 4 of the Dungeon.
You were hungry.

You visited 1 branch of the dungeon, and saw 4 of its levels.

You collected 188 gold pieces.

Inventory:

Hand Weapons
 a - a +0 long sword (weapon)
Armour
 b - a +0 scale mail
 c - a +0 shield (worn)
 r - a +1 scale mail of cold resistance (worn)
Jewellery
 e - an amulet of the acrobat (around neck)
Wands
 p - a wand of digging (5)
 t - a wand of random effects (24)
 v - a wand of polymorph (3)
Scrolls
 g - 3 scrolls of teleportation {unknown}
 i - a scroll of amnesia {unknown}
 l - a scroll of magic mapping {unknown}
 m - 2 scrolls of remove curse {unknown}
 u - a scroll of noise {unknown}
Potions
 d - 2 potions of might
 h - a potion of agility {unknown}
 j - 2 potions of curing
 k - a potion of flight
 o - a potion of heal wounds
 q - a potion of brilliance
 s - a potion of resistance
 w - a potion of degeneration {unknown}
Comestibles
 f - 10 rations


   Skills:
 - Level 4.0 Fighting
 * Level 5.1 Long Blades
 - Level 4.1 Armour
 + Level 6.3 Shields


You had 6 spell levels left.
You didn't know any spells.
Your spell library contained the following spells:

 Spells                   Type           Power        Failure   Level  Hunger
 Confusing Touch          Hex            #.....       91%         1    ##.....
 Magic Dart               Conj           #...         91%         1    ##.....
 Call Imp                 Summ           #.......     97%         2    ###....
 Slow                     Hex            #.......     97%         2    ###....
 Confuse                  Hex            #.......     100%        3    ####...
 Conjure Flame            Conj/Fire      #.......     100%        3    ####...
 Gell's Gravitas          Tloc           #.........   100%        3    ####...
 Mephitic Cloud           Conj/Pois/Air  #.......     100%        3    ####...
 Petrify                  Tmut/Erth      #.......     100%        4    #####..
 Metabolic Englaciation   Hex/Ice        #.........   100%        5    ######.
 Yara's Violent Unravell  Hex/Tmut       #.........   100%        5    ######.
 Blink                    Tloc           Unusable     N/A         2    N/A

Dungeon Overview and Level Annotations

Branches:
Dungeon (4/15)
 Temple: D:4-7

Altars:
Xom

Annotations:
D:4 Dowan


Innate Abilities, Weirdness & Mutations

You cannot be hasted, slowed, berserked, paralysed or teleported.
You can dig through walls and to a lower floor.
Your four strong arms can wield two-handed weapons with a shield.
You have a pair of large antennae on your head. (SInv)


Message History

You block Dowan's attack.
You hit Dowan.
Dowan is severely wounded.
You feel very sick. You block Dowan's attack.
Dowan hits you but does no damage.
You are more poisoned.
Your scale mail prevents you from hitting Dowan.
Dowan is severely wounded.
* * * LOW HITPOINT WARNING * * *
You feel sick. Dowan barely misses you.
You riposte.
You hit Dowan but do no damage.
Dowan is severely wounded.
You block Dowan's attack.
You closely miss Dowan.
Dowan is severely wounded.
* * * LOW HITPOINT WARNING * * *
You feel very sick. Dowan gestures at you while chanting.
The shard of ice hits you! You partially resist.
You die...

#.# ####### #+## #.# #..
..##...## #.####.#
#.#[....##
#.##.#.###........##
#####.......##.........#
.............'.........'
#######................#
# ##.#..#...../...## ###
###.....#@....## #.#
#......#e#...## )##
#.##.#.##..'## ##
.....#.# #..# ##.####.#
#.# # #. .# .. .. ## ...
########{ ##


You could see Dowan.

Vanquished Creatures
  Duvessa (D:4)
  A crimson imp (D:3)
  An orc priest (D:3)
  Terence (D:2)
  3 orc wizards (D:3)
  Ijyb (D:4)
  Robin (D:3)
  4 adders
  3 gnolls (D:4)
  An ooze (D:1)
  An adder skeleton (D:4)
  3 worms
  3 dart slugs
  3 leopard geckos
  9 orcs
  3 giant cockroaches
  6 goblins
  8 hobgoblins
  4 jackals
  3 quokkas (D:3)
  8 bats
  2 frilled lizards
  8 kobolds
  4 rats
82 creatures vanquished.

Notes
Turn   | Place    | Note
-------+----------+-------------------------------------------
     0 | D:1      | stupendous the Formicid Fighter began the quest for the
                  | Orb.
     0 | D:1      | Reached XP level 1. HP: 18/18 MP: 1/1
   118 | D:1      | Reached XP level 2. HP: 23/24 MP: 2/2
   359 | D:1      | Reached XP level 3. HP: 29/29 MP: 3/3
   498 | D:1      | Reached skill level 4 in Shields
  1443 | D:2      | Noticed Terence
  1451 | D:2      | Killed Terence
  1451 | D:2      | Reached XP level 4. HP: 37/37 MP: 4/4
  1757 | D:3      | Reached XP level 5. HP: 42/42 MP: 5/5
  1963 | D:3      | Reached skill level 5 in Shields
  1972 | D:3      | Reached XP level 6. HP: 37/48 MP: 6/6
  2032 | D:3      | Noticed Robin
  2056 | D:3      | Killed Robin
  2441 | D:4      | Noticed Ijyb
  2471 | D:4      | Killed Ijyb
  2657 | D:4      | Reached skill level 6 in Shields
  2888 | D:4      | Reached XP level 7. HP: 46/54 MP: 7/7
  2951 | D:4      | Found a stormy altar of Qazlal.
  2953 | D:4      | Found a shadowy altar of Dithmenos.
  2953 | D:4      | Found an iron altar of Okawaru.
  2955 | D:4      | Found a burning altar of Makhleb.
  2955 | D:4      | Found a sparkling altar of Nemelex Xobeh.
  2955 | D:4      | Found a shimmering altar of Xom.
  3007 | D:4      | Noticed Duvessa
  3035 | D:4      | Killed Duvessa
  3035 | D:4      | Reached skill level 5 in Long Blades
  3154 | D:4      | Noticed Dowan
  3177 | D:4      | Killed from afar by Dowan

Levels and vault maps discovered:
D:1:      giann_bridges, layout_loops_ring, minmay_heptomino_w4
D:2:      layout_basic, minmay_distorted, uniq_terence
D:3:      layout_rooms, first_ration, uniq_robin
D:4:      layout_loops_corners, grunt_temple_overflow_diamond,
          doesnt_xom_only_xom, uniq_duvessa, uniq_natasha, uniq_ijyb

Skill      XL: |  1  2  3  4  5  6  7 |
---------------+----------------------+-----
Shields        | 4 5 6 |  6.3
Fighting       | 4 |  4.0
Long Blades    | 3 4 5 |  5.1
Armour         | 4 |  4.1

Action                   |  1- 3 |  4- 6 |  7- 9 || total
-------------------------+-------+-------+-------++-------
Melee: Long sword        |   101 |   227 |    45 ||   373
       Unarmed           |       |    16 |       ||    16
 Abil: Dig               |       |     4 |     1 ||     5
  Use: Scroll            |       |       |     4 ||     4
 Stab: Distracted        |       |     1 |       ||     1
  Eat: Chunk             |       |     8 |       ||     8
Armor: Scale mail        |    36 |    78 |    17 ||   131
       Skin              |       |     2 |       ||     2
Dodge: Dodged            |    44 |    85 |    10 ||   139
Block: Shield            |    63 |    98 |    23 ||   184
       Rpst.: Long sword |    10 |    27 |     6 ||    43

Table legend:
 A = Non-vault XP
 B = Vault XP
 C = Vault XP percentage of total XP
 D = Non-vault monster count
 E = Vault monster count
 F = Vault count percentage of total count
                 A         B        C        D         E       F
            +---------+---------+-------+---------+---------+-------
      Total |     406 |     261 |  39.1 |      61 |      21 |  25.6
            +---------+---------+-------+---------+---------+-------
        D:1 |      18 |      16 |  47.1 |       8 |       6 |  42.9
        D:2 |      26 |      45 |  63.4 |       8 |       4 |  33.3
        D:3 |     289 |      30 |   9.4 |      36 |       9 |  20.0
        D:4 |      73 |     170 |  70.0 |       9 |       2 |  18.2
            +---------+---------+-------+---------+---------+-------
